[Event "Turkish Second League 2019"]
[Site "Konya"]
[Date "2019.07.26"]
[Round "7"]
[White "Yesil, Azra"]
[Black "Aydemir, Sermin Naz"]
[Result "0-1"]
[ECO "A85"]
[WhiteElo "1299"]
[BlackElo "1491"]
[Annotator "NA"]
[PlyCount "120"]
[EventDate "2019.07.22"]
[EventType "team-tourn"]
[EventCountry "TUR"]
[SourceTitle "playchess.com"]
[Source "ChessBase"]
[SourceQuality "1"]
[TimeControl "5400+30"]

1. d4 d5 2. c4 e6 3. Nc3 f5 4. Nf3 Nf6 5. Bg5 c6 6. e3 Bd6 7. c5 Bc7 8. Be2 O-O 9. O-O Nbd7 10. Rc1 Qe8 11. Bxf6 Nxf6 12. h3 Bd7 13. a3 h6 14. Nd2 Ne4 15. Ncxe4 fxe4 16. Bh5 g6 17. Bg4 h5 18. Be2 e5 19. Nb3 Qe7 20. g4 Qh4 21. Kg2 Rf7 22. f3 exf3+ 23. Bxf3 e4 24. Qe1 exf3+ 25. Rxf3 Qxe1 26. Rxe1 Rxf3 27. Kxf3 hxg4+ 28. hxg4 Rf8+ 29. Kg2 Bxg4 30. Nd2 Bf5 31. e4 dxe4 32. Nxe4 Bxe4+ 33. Rxe4 Rf7 34. b4 Kg7 35. a4 a6 36. b5 axb5 37. axb5 cxb5 38. d5 Rd7 39. c6 bxc6 40. dxc6 Rf7 41. Rb4 Rf6 42. Rxb5 Rxc6 43. Kf3 Kh6 44. Kg4 Rc4+ 45. Kh3 g5 46. Rb3 Rh4+ 47. Kg2 Rh2+ 48. Kg1 Rc2 49. Rh3+ Kg6 50. Rb3 Kh5 51. Rh3+ Kg4 52. Rd3 Bg3 53. Rd1 Kh3 54. Rb1 Rg2+ 55. Kf1 Rf2+ 56. Kg1 Re2 57. Kf1 Re1+ 58. Rxe1 Bxe1 59. Kxe1 g4 60. Kf1 Kh2 0-1

[Event "Turkish Second League 2019"]
[Site "Konya"]
[Date "2019.07.27"]
[Round "8"]
[White "Bashirli, Nail"]
[Black "Tasci, Onur"]
[Result "1-0"]
[ECO "B31"]
[WhiteElo "2367"]
[BlackElo "2063"]
[Annotator "NA"]
[PlyCount "99"]
[EventDate "2019.07.22"]
[EventType "team-tourn"]
[EventCountry "TUR"]
[SourceTitle "playchess.com"]
[Source "ChessBase"]
[SourceQuality "1"]
[TimeControl "5400+30"]

1. e4 c5 2. Nf3 Nc6 3. Nc3 g6 4. Bb5 Bg7 5. O-O e6 6. Bxc6 bxc6 7. d3 d5 8. Na4 Qa5 9. c4 Nf6 10. Bd2 Qc7 11. Nxc5 O-O 12. Qc2 Rb8 13. Rab1 Nd7 14. Nxd7 Qxd7 15. Bf4 Rb6 16. Rfe1 Ba6 17. b3 Rd8 18. Ne5 Qb7 19. exd5 exd5 20. Ng4 f6 21. Re6 Qf7 22. Rxf6 Qe7 23. Bg5 Re8 24. h4 Qe2 25. Qxe2 Rxe2 26. Rd6 dxc4 27. Rd8+ Kf7 28. Rd7+ Kf8 29. dxc4 Bxc4 30. Be3 Rb5 31. Rxa7 Be6 32. Ra8+ Ke7 33. Ra7+ Kf8 34. Rd1 Bd5 35. Bd4 Bxd4 36. Rxd4 Re7 37. Rxe7 Kxe7 38. Ne3 Be6 39. f3 Ra5 40. Rd2 h5 41. Kf2 Rb5 42. Nc2 Rb8 43. Ke3 Bd5 44. Kf4 Kf6 45. Ne3 Be6 46. Rd6 Ra8 47. a4 Ra6 48. Nd5+ Kf7 49. Rxe6 Ra5 50. Nc7 1-0

[Event "Turkish Second League 2019"]
[Site "Konya"]
[Date "2019.07.27"]
[Round "8"]
[White "Abdulla, Khayala"]
[Black "Guclu, Yagmur"]
[Result "1-0"]
[ECO "C44"]
[WhiteElo "2283"]
[BlackElo "1516"]
[Annotator "NA"]
[PlyCount "87"]
[EventDate "2019.07.22"]
[EventType "team-tourn"]
[EventCountry "TUR"]
[SourceTitle "playchess.com"]
[Source "ChessBase"]
[SourceQuality "1"]
[TimeControl "5400+30"]

1. e4 e5 2. Nf3 Nc6 3. c3 d5 4. Qa4 Qd6 5. Bb5 Bd7 6. O-O Nf6 7. exd5 Nxd5 8. d4 exd4 9. Rd1 Nb6 10. Qb3 Be6 11. Qc2 O-O-O 12. Bg5 f6 13. Be3 Qc5 14. Bxc6 dxe3 15. Bxb7+ Kxb7 16. Rxd8 exf2+ 17. Qxf2 Qxf2+ 18. Kxf2 Bc5+ 19. Rd4 Rd8 20. Nbd2 Bxd4+ 21. Nxd4 Bd5 22. Nf1 Nc4 23. b3 Ne5 24. Ne3 Bf7 25. b4 Nd3+ 26. Kg3 Ne5 27. a4 Nc4 28. Nef5 g6 29. Nh6 Bd5 30. Ng4 f5 31. Nf6 Bg8 32. Re1 h6 33. Re7 Rf8 34. Nd7 Rc8 35. Nc5+ Ka8 36. Nb5 Kb8 37. Nxc7 Nb6 38. N5a6+ Kb7 39. Nb5+ Kc6 40. Nxa7+ Kd6 41. Nxc8+ Nxc8 42. Re8 Be6 43. Nc5 Bd7 44. Rd8 1-0

[Event "Turkish Second League 2019"]
[Site "Konya"]
[Date "2019.07.27"]
[Round "8"]
[White "Darban, Morteza"]
[Black "Baltag, Iulian"]
[Result "1/2-1/2"]
[ECO "C68"]
[WhiteElo "2282"]
[BlackElo "2398"]
[Annotator "NA"]
[PlyCount "62"]
[EventDate "2019.07.22"]
[EventType "team-tourn"]
[EventCountry "TUR"]
[SourceTitle "playchess.com"]
[Source "ChessBase"]
[SourceQuality "1"]
[TimeControl "5400+30"]

1. e4 e5 2. Nf3 Nc6 3. Bb5 a6 4. Bxc6 dxc6 5. Nc3 f6 6. d4 exd4 7. Nxd4 c5 8. Nde2 Qxd1+ 9. Nxd1 Bd7 10. Bf4 O-O-O 11. Ne3 Bc6 12. f3 Ne7 13. Rd1 Rxd1+ 14. Kxd1 g6 15. h4 h5 16. Kc1 Rg8 17. Nd1 b6 18. Nf2 Be8 19. Nh3 Bd7 20. Nc3 Bg7 21. Bd2 f5 22. Ng5 fxe4 23. Ncxe4 Nf5 24. c3 Bc6 25. Bf4 Re8 26. g3 Be5 27. Bxe5 Rxe5 28. Kd2 c4 29. Rh2 a5 30. Re2 Rd5+ 31. Ke1 b5 1/2-1/2

[Event "Turkish Second League 2019"]
[Site "Konya"]
[Date "2019.07.27"]
[Round "8"]
[White "Karaokcu, Erkin"]
[Black "Garayev, Kanan"]
[Result "1/2-1/2"]
[ECO "A13"]
[WhiteElo "2256"]
[BlackElo "2351"]
[Annotator "NA"]
[PlyCount "60"]
[EventDate "2019.07.22"]
[EventType "team-tourn"]
[EventCountry "TUR"]
[SourceTitle "playchess.com"]
[Source "ChessBase"]
[SourceQuality "1"]
[TimeControl "5400+30"]

1. Nf3 d5 2. c4 e6 3. b3 d4 4. g3 c5 5. Bg2 Nc6 6. O-O e5 7. e3 Be7 8. exd4 exd4 9. d3 Nf6 10. Bf4 O-O 11. Re1 Bd6 12. Ne5 Nxe5 13. Bxe5 Bxe5 14. Rxe5 Bg4 15. Qc2 Re8 16. Rxe8+ Qxe8 17. Nd2 Qe7 18. h3 Bh5 19. Nf3 Bxf3 20. Bxf3 Re8 21. Qd2 b6 22. Kg2 h5 23. Qg5 Qe5 24. Qxe5 Rxe5 25. h4 g6 26. a3 a5 27. Rb1 Re6 28. Kf1 Kf8 29. b4 axb4 30. axb4 cxb4 1/2-1/2

[Event "Turkish Second League 2019"]
[Site "Konya"]
[Date "2019.07.27"]
[Round "8"]
[White "Ozenir, Ekin Baris"]
[Black "Bicer, Atakan Mert"]
[Result "1-0"]
[ECO "D11"]
[WhiteElo "2235"]
[BlackElo "1870"]
[Annotator "NA"]
[PlyCount "157"]
[EventDate "2019.07.22"]
[EventType "team-tourn"]
[EventCountry "TUR"]
[SourceTitle "playchess.com"]
[Source "ChessBase"]
[SourceQuality "1"]
[TimeControl "5400+30"]

1. d4 d5 2. c4 c6 3. Nf3 Nf6 4. Qc2 g6 5. Bf4 Bf5 6. Qb3 Qb6 7. Nbd2 Nbd7 8. e3 Bg7 9. h3 h6 10. c5 Qxb3 11. axb3 g5 12. Bh2 O-O 13. b4 a6 14. Nb3 Ne8 15. b5 cxb5 16. Bxb5 Rc8 17. Be2 Nc7 18. O-O Rfe8 19. Na5 b6 20. cxb6 Nxb6 21. Rfc1 Nb5 22. Nc6 Nc4 23. Rxa6 Bd7 24. Bxc4 Bxc6 25. Bf1 Bd7 26. Raa1 Nd6 27. Nd2 Rb8 28. b3 Bf8 29. Ra5 e6 30. Ra6 Rbc8 31. Rxc8 Nxc8 32. Ra8 Bb4 33. Nf3 f6 34. Rb8 Bd6 35. Bxd6 Nxd6 36. Rb6 Ne4 37. Rb7 Rd8 38. Bd3 Nd6 39. Rb6 Be8 40. Kf1 Kf8 41. Ke2 Ke7 42. Kd2 Rc8 43. Ng1 e5 44. Ne2 e4 45. Ba6 Rc7 46. Nc3 Bc6 47. Kc2 Kd7 48. Kb2 h5 49. Bb5 Nxb5 50. Nxb5 Rb7 51. Rxb7+ Bxb7 52. Nc3 Kc6 53. Na2 h4 54. Kc3 Bc8 55. Kd2 Be6 56. Nc3 Bc8 57. Ke2 Ba6+ 58. Ke1 Bd3 59. Na4 Ba6 60. Nc3 Bd3 61. b4 Bc4 62. f3 f5 63. Kf2 Ba6 64. f4 g4 65. g3 hxg3+ 66. Kxg3 gxh3 67. Kxh3 Kd6 68. Kh4 Bc8 69. Kg5 Ke6 70. Ne2 Kd6 71. Ng3 Kc6 72. Nxf5 Be6 73. Kf6 Bd7 74. Ne7+ Kb5 75. Nxd5 Bc6 76. Ne7 Kc4 77. Nxc6 Kd3 78. d5 Kxe3 79. d6 1-0

[Event "Turkish Second League 2019"]
[Site "Konya"]
[Date "2019.07.27"]
[Round "8"]
[White "Ozates, Tuna"]
[Black "Topak, Engin"]
[Result "1-0"]
[ECO "D04"]
[WhiteElo "2218"]
[BlackElo "2206"]
[Annotator "NA"]
[PlyCount "67"]
[EventDate "2019.07.22"]
[EventType "team-tourn"]
[EventCountry "TUR"]
[SourceTitle "playchess.com"]
[Source "ChessBase"]
[SourceQuality "1"]
[TimeControl "5400+30"]

1. d4 d5 2. Nf3 Nf6 3. e3 Bf5 4. Bd3 Bxd3 5. Qxd3 Nbd7 6. O-O e6 7. b3 c6 8. c4 Ne4 9. Nfd2 Nxd2 10. Nxd2 f5 11. f3 Bd6 12. Bb2 Qh4 13. f4 O-O 14. c5 Bc7 15. b4 a6 16. a4 Qe7 17. b5 Nf6 18. bxc6 bxc6 19. Bc3 Rfb8 20. Rab1 Qd8 21. Rxb8 Qxb8 22. Rb1 Qc8 23. Nf3 Rb8 24. Rxb8 Bxb8 25. Ba5 h6 26. Ne1 Qb7 27. Bb6 g5 28. g3 Nd7 29. a5 Ba7 30. fxg5 hxg5 31. g4 Bb8 32. gxf5 Nf6 33. fxe6 Ne4 34. Qf1 1-0

[Event "Turkish Second League 2019"]
[Site "Konya"]
[Date "2019.07.27"]
[Round "8"]
[White "Kara, Yanki"]
[Black "Demirbag, Alihan"]
[Result "1/2-1/2"]
[ECO "E05"]
[WhiteElo "2193"]
[BlackElo "2087"]
[Annotator "NA"]
[PlyCount "26"]
[EventDate "2019.07.22"]
[EventType "team-tourn"]
[EventCountry "TUR"]
[SourceTitle "playchess.com"]
[Source "ChessBase"]
[SourceQuality "1"]
[TimeControl "5400+30"]

1. d4 d5 2. c4 e6 3. Nf3 Nf6 4. g3 Be7 5. Bg2 dxc4 6. Qc2 a6 7. Qxc4 b5 8. Qc2 Bb7 9. Bd2 Be4 10. Qc1 Bb7 11. Qc2 Be4 12. Qc1 Bb7 13. Qc2 Be4 1/2-1/2

[Event "Turkish Second League 2019"]
[Site "Konya"]
[Date "2019.07.27"]
[Round "8"]
[White "Zor, Alber Kadir"]
[Black "Ozsakallioglu, Okan"]
[Result "1/2-1/2"]
[ECO "D14"]
[WhiteElo "2160"]
[BlackElo "2243"]
[Annotator "NA"]
[PlyCount "63"]
[EventDate "2019.07.22"]
[EventType "team-tourn"]
[EventCountry "TUR"]
[SourceTitle "playchess.com"]
[Source "ChessBase"]
[SourceQuality "1"]
[TimeControl "5400+30"]

1. d4 d5 2. c4 c6 3. cxd5 cxd5 4. Nc3 Nc6 5. Nf3 Nf6 6. Bf4 Bf5 7. e3 e6 8. Bd3 Bxd3 9. Qxd3 Bd6 10. Bxd6 Qxd6 11. O-O O-O 12. a3 a6 13. h3 Rfc8 14. Rfc1 h6 15. Rc2 Rc7 16. Rac1 Rac8 17. Ne2 Ne7 18. Rxc7 Rxc7 19. Rxc7 Qxc7 20. Qc3 Qxc3 21. Nxc3 Nc6 22. Kf1 Kf8 23. Ke2 Ke7 24. Kd3 Kd6 25. Nd2 Nd7 26. b4 b5 27. Nb3 Nb6 28. Nc5 Nc4 29. Nxa6 Nxa3 30. h4 h5 31. g3 g6 32. f4 1/2-1/2

[Event "Turkish Second League 2019"]
[Site "Konya"]
[Date "2019.07.27"]
[Round "8"]
[White "Metin, Mehmet"]
[Black "Erdogan, Yunus Emre"]
[Result "1-0"]
[ECO "B40"]
[WhiteElo "2150"]
[BlackElo "1833"]
[Annotator "NA"]
[PlyCount "57"]
[EventDate "2019.07.22"]
[EventType "team-tourn"]
[EventCountry "TUR"]
[SourceTitle "playchess.com"]
[Source "ChessBase"]
[SourceQuality "1"]
[TimeControl "5400+30"]

1. e4 c5 2. Nf3 Nf6 3. e5 Nd5 4. b3 Nc6 5. Bb2 e6 6. c4 Nc7 7. g3 Rb8 8. Bg2 b5 9. d3 Ba6 10. Nbd2 d5 11. exd6 Qxd6 12. Ne4 Qd7 13. Ne5 Nxe5 14. Bxe5 Rd8 15. O-O Bb7 16. Qg4 Bxe4 17. dxe4 h5 18. Qe2 bxc4 19. Rad1 Qc6 20. Rxd8+ Kxd8 21. Rd1+ Kc8 22. Qxc4 h4 23. Bxc7 Kxc7 24. e5 Qb6 25. Qa4 Be7 26. Qd7+ Kb8 27. Qxe7 hxg3 28. hxg3 Qb4 29. Rd8+ 1-0

[Event "Turkish Second League 2019"]
[Site "Konya"]
[Date "2019.07.27"]
[Round "8"]
[White "Tofan, Ibrahim"]
[Black "Duman, Aydin"]
[Result "0-1"]
[ECO "B01"]
[WhiteElo "2043"]
[BlackElo "2059"]
[Annotator "NA"]
[PlyCount "112"]
[EventDate "2019.07.22"]
[EventType "team-tourn"]
[EventCountry "TUR"]
[SourceTitle "playchess.com"]
[Source "ChessBase"]
[SourceQuality "1"]
[TimeControl "5400+30"]

1. e4 d5 2. exd5 Qxd5 3. Nc3 Qd6 4. d4 Nf6 5. Bc4 c6 6. Nge2 Be6 7. Bf4 Qd7 8. Bd3 g6 9. Qd2 Bg7 10. Bh6 O-O 11. Ne4 Nxe4 12. Bxe4 Bd5 13. Bxg7 Kxg7 14. Qe3 Na6 15. Bxd5 cxd5 16. O-O Nb4 17. Qd2 Nc6 18. f4 e6 19. Ng3 Ne7 20. Rae1 Rac8 21. c3 Rc6 22. Re5 Ng8 23. Rf3 Rfc8 24. a3 b5 25. Qe2 a6 26. Rf2 Nf6 27. Rg5 Kf8 28. Re5 h5 29. h3 h4 30. Nf1 Ne4 31. Rxe4 dxe4 32. Qxe4 Qd5 33. Qe1 a5 34. Re2 b4 35. Re5 Qd8 36. d5 exd5 37. cxb4 Rc1 38. Qe3 d4 39. Qd3 axb4 40. axb4 Ra1 41. Re2 Rcc1 42. Rf2 Rd1 43. Qf3 d3 44. f5 Qd4 45. Kh2 Qd6+ 46. Kg1 g5 47. f6 Qd4 48. Kh2 Qf4+ 49. Qxf4 gxf4 50. Rxf4 Rxf1 51. Rxh4 Rxf6 52. Rd4 Rd1 53. Kg3 d2 54. b5 Ke7 55. b6 Rxb6 56. Kf2 Rd6 0-1

[Event "Turkish Second League 2019"]
[Site "Konya"]
[Date "2019.07.27"]
[Round "8"]
[White "Ozturk, Efe Hakan"]
[Black "Ozdemir, Serhan Berat"]
[Result "1/2-1/2"]
[ECO "C01"]
[WhiteElo "2017"]
[BlackElo "1985"]
[Annotator "NA"]
[PlyCount "60"]
[EventDate "2019.07.22"]
[EventType "team-tourn"]
[EventCountry "TUR"]
[SourceTitle "playchess.com"]
[Source "ChessBase"]
[SourceQuality "1"]
[TimeControl "5400+30"]

1. e4 e6 2. d4 d5 3. exd5 exd5 4. Bd3 Bd6 5. Ne2 Ne7 6. O-O O-O 7. Bf4 c6 8. c3 Bf5 9. Bxd6 Qxd6 10. Bxf5 Nxf5 11. Ng3 Nxg3 12. hxg3 Nd7 13. Nd2 Rfe8 14. Re1 Nf6 15. Nf3 Rxe1+ 16. Qxe1 Re8 17. Qf1 Kf8 18. Re1 Rxe1 19. Qxe1 Qe7 20. Kf1 Qxe1+ 21. Kxe1 Ke7 22. Ke2 Ne4 23. Nd2 Kd7 24. f3 f6 25. Ke3 g5 26. g4 Ke6 27. g3 h6 28. a3 a5 29. a4 b6 30. b3 Kd6 1/2-1/2

[Event "Turkish Second League 2019"]
[Site "Konya"]
[Date "2019.07.27"]
[Round "8"]
[White "Yildizak, Goksel"]
[Black "Buyukasik, Diyap"]
[Result "1/2-1/2"]
[ECO "A50"]
[WhiteElo "1950"]
[BlackElo "2268"]
[Annotator "NA"]
[PlyCount "61"]
[EventDate "2019.07.22"]
[EventType "team-tourn"]
[EventCountry "TUR"]
[SourceTitle "playchess.com"]
[Source "ChessBase"]
[SourceQuality "1"]
[TimeControl "5400+30"]

1. d4 Nf6 2. Nf3 b6 3. g3 Bb7 4. Bg2 g6 5. O-O Bg7 6. c4 e6 7. Nc3 Ne4 8. Nxe4 Bxe4 9. Ng5 Bxg2 10. Kxg2 O-O 11. e4 d6 12. f4 h6 13. Nf3 c5 14. b3 Nc6 15. Bb2 Qf6 16. e5 dxe5 17. dxe5 Qe7 18. Qe2 Rfd8 19. Rfd1 a5 20. a4 Qc7 21. h4 Ne7 22. Kh2 Rxd1 23. Rxd1 Rd8 24. Rxd8+ Qxd8 25. Qd2 Qa8 26. Qd3 Nc6 27. Bc3 Qb7 28. Kg1 Ne7 29. Kh2 Nf5 30. Qd8+ Bf8 31. Qd3 1/2-1/2

[Event "Turkish Second League 2019"]
[Site "Konya"]
[Date "2019.07.27"]
[Round "8"]
[White "Cilek, Bora"]
[Black "Buke, Furkan"]
[Result "1/2-1/2"]
[ECO "D14"]
[WhiteElo "1948"]
[BlackElo "1959"]
[Annotator "NA"]
[PlyCount "62"]
[EventDate "2019.07.22"]
[EventType "team-tourn"]
[EventCountry "TUR"]
[SourceTitle "playchess.com"]
[Source "ChessBase"]
[SourceQuality "1"]
[TimeControl "5400+30"]

1. d4 d5 2. c4 c6 3. cxd5 cxd5 4. Nc3 Nc6 5. Nf3 Nf6 6. Bf4 Bf5 7. e3 a6 8. a3 e6 9. Bd3 Bxd3 10. Qxd3 Bd6 11. Bxd6 Qxd6 12. O-O O-O 13. Rfc1 Rfc8 14. Rc2 Rc7 15. Rac1 Rac8 16. h3 h6 17. b4 b5 18. Na2 Na7 19. Rxc7 Rxc7 20. Rxc7 Qxc7 21. Qc3 Qxc3 22. Nxc3 Nc6 23. Nd2 Nd7 24. Nb3 Nb6 25. Nc5 Nc4 26. Nxa6 Nxa3 27. Nc7 Nxb4 28. N7xb5 Nxb5 29. Nxb5 Kf8 30. h4 h5 31. g3 g6 1/2-1/2

[Event "Turkish Second League 2019"]
[Site "Konya"]
[Date "2019.07.27"]
[Round "8"]
[White "Oztekin, Kerem Can"]
[Black "Uyan, Ata Gunduz"]
[Result "0-1"]
[ECO "B40"]
[WhiteElo "1933"]
[BlackElo "1781"]
[Annotator "NA"]
[PlyCount "96"]
[EventDate "2019.07.22"]
[EventType "team-tourn"]
[EventCountry "TUR"]
[SourceTitle "playchess.com"]
[Source "ChessBase"]
[SourceQuality "1"]
[TimeControl "5400+30"]

1. e4 e6 2. b3 c5 3. Bb2 a6 4. Nf3 Nc6 5. Be2 d6 6. d4 cxd4 7. Nxd4 Qa5+ 8. Nd2 Nxd4 9. Bxd4 e5 10. Bb2 Nf6 11. O-O Be7 12. Nc4 Qc7 13. Qd3 Be6 14. Ne3 O-O 15. c4 Nd7 16. Ba3 Nc5 17. Bxc5 dxc5 18. Qc3 Rfd8 19. Rfd1 Rd4 20. Bf3 Rad8 21. Qc2 Qa5 22. Nd5 Bxd5 23. exd5 Bd6 24. Be4 g6 25. Bf3 Re8 26. Be2 Kg7 27. Qb2 Qd8 28. Rxd4 exd4 29. g3 h5 30. Bf1 h4 31. Qd2 hxg3 32. hxg3 Qe7 33. Bg2 Qe5 34. Kf1 Qf5 35. Kg1 Qe5 36. Kf1 Qf6 37. Qd3 Re3 38. Qd2 Rxg3 39. Re1 Rc3 40. Be4 Qh4 41. b4 b6 42. Bg2 Rxc4 43. Re4 Qh5 44. bxc5 bxc5 45. Ke1 Qxd5 46. Rh4 Qxg2 47. Qh6+ Kf6 48. Qh8+ Ke7 0-1

[Event "Turkish Second League 2019"]
[Site "Konya"]
[Date "2019.07.27"]
[Round "8"]
[White "Abdimanoglu, Beste Basak"]
[Black "Ozaltun, Ecem"]
[Result "1-0"]
[ECO "A40"]
[WhiteElo "1898"]
[BlackElo "1551"]
[Annotator "NA"]
[PlyCount "131"]
[EventDate "2019.07.22"]
[EventType "team-tourn"]
[EventCountry "TUR"]
[SourceTitle "playchess.com"]
[Source "ChessBase"]
[SourceQuality "1"]
[TimeControl "5400+30"]

1. d4 e6 2. Nf3 f5 3. c4 Nf6 4. a3 b6 5. Nc3 Bb7 6. e3 Be7 7. Be2 O-O 8. O-O Na6 9. b4 c5 10. bxc5 bxc5 11. Rb1 Qc8 12. Ne1 Ne4 13. Nxe4 Bxe4 14. Ra1 Rf6 15. d5 Rh6 16. dxe6 dxe6 17. Bf3 Qc7 18. g3 Rd8 19. Qe2 Qc6 20. Ra2 e5 21. Rd2 Rf8 22. Bb2 Qe6 23. Bxe4 fxe4 24. f4 exf3 25. Nxf3 Bf6 26. e4 Nc7 27. Qd3 Rd8 28. Qe2 Rxd2 29. Nxd2 Rg6 30. Qf2 Qd6 31. Nf3 h5 32. Kh1 Qd3 33. Qg2 Qxe4 34. Nxe5 Qxg2+ 35. Kxg2 Rg5 36. Nf3 Rf5 37. Bxf6 Rxf6 38. Rd1 Rf8 39. Rd7 Rc8 40. Ng5 Kf8 41. Rxc7 Rxc7 42. Ne6+ Ke7 43. Nxc7 Kd6 44. Nb5+ Ke5 45. Nxa7 Kd4 46. Kf3 Kxc4 47. Ke4 Kb3 48. Nb5 Ka4 49. Nd6 Kxa3 50. Kf5 Kb4 51. Kg5 Kc3 52. Kxh5 Kd4 53. Kg6 Kd5 54. Nf5 Ke5 55. Ne3 Kd4 56. Nc2+ Kc3 57. Na3 Kb3 58. Nb5 c4 59. Kxg7 Kb4 60. Nc7 Kc5 61. Ne6+ Kb4 62. Nf4 Kb3 63. Nd5 Ka3 64. h4 Ka4 65. h5 Kb5 66. h6 1-0

[Event "Turkish Second League 2019"]
[Site "Konya"]
[Date "2019.07.27"]
[Round "8"]
[White "Sahutoglu, Mehmet Ibrahim"]
[Black "Erkole, Melih Naci"]
[Result "1-0"]
[ECO "A36"]
[WhiteElo "1898"]
[BlackElo "1697"]
[Annotator "NA"]
[PlyCount "85"]
[EventDate "2019.07.22"]
[EventType "team-tourn"]
[EventCountry "TUR"]
[SourceTitle "playchess.com"]
[Source "ChessBase"]
[SourceQuality "1"]
[TimeControl "5400+30"]

1. c4 c5 2. Nc3 Nc6 3. g3 g6 4. Bg2 Bg7 5. e4 d6 6. Nge2 Nf6 7. d3 O-O 8. O-O e6 9. h3 Ne8 10. Be3 Nd4 11. Qd2 Bd7 12. Bh6 Qa5 13. Bxg7 Kxg7 14. h4 Rb8 15. Nf4 a6 16. h5 b5 17. b3 g5 18. h6+ Kg8 19. Nh5 Qxc3 20. Qxg5+ Kh8 21. Qe7 Rg8 22. Qxd7 Ne2+ 23. Kh2 Nf6 24. Qxf7 Rbf8 25. Qg7+ Rxg7 26. hxg7+ Kg8 27. gxf8=Q+ Kxf8 28. Nxf6 Qxf6 29. cxb5 axb5 30. a4 bxa4 31. bxa4 Nd4 32. a5 Qh6+ 33. Bh3 Nf3+ 34. Kg2 Ng5 35. Bg4 Qg7 36. a6 Qa7 37. Rfb1 c4 38. Rb7 Qd4 39. a7 Qxa1 40. Rb8+ Kg7 41. a8=Q Qf6 42. Rb7+ Kh6 43. Qe8 1-0

[Event "Turkish Second League 2019"]
[Site "Konya"]
[Date "2019.07.27"]
[Round "8"]
[White "Abdullahoglu, Diren Can"]
[Black "Gurbuz, Bayram"]
[Result "0-1"]
[ECO "B07"]
[WhiteElo "1889"]
[BlackElo "1906"]
[Annotator "NA"]
[PlyCount "89"]
[EventDate "2019.07.22"]
[EventType "team-tourn"]
[EventCountry "TUR"]
[SourceTitle "playchess.com"]
[Source "ChessBase"]
[SourceQuality "1"]
[TimeControl "5400+30"]

1. d4 d6 2. Nf3 g6 3. e4 Nf6 4. Bd3 Bg7 5. O-O O-O 6. Re1 Bg4 7. Nbd2 e5 8. c3 c6 9. h3 Bxf3 10. Nxf3 Nbd7 11. Qb3 Qc7 12. Qa3 Rfe8 13. b4 d5 14. Nxe5 dxe4 15. Nxd7 Qxd7 16. Bc2 a5 17. bxa5 Bf8 18. Qb3 Rxa5 19. a4 b5 20. Bb2 Bd6 21. axb5 Rxb5 22. Qa2 Rg5 23. Bc1 Qxh3 24. Bxg5 Qh2+ 25. Kf1 Qh1+ 26. Ke2 Qh5+ 27. Kf1 Qxg5 28. Bb3 Rf8 29. Re3 Ng4 30. Rh3 Qf4 31. Bd1 Nf6 32. Qe2 Rb8 33. Kg1 Qf5 34. c4 c5 35. g4 Qg5 36. d5 Be5 37. Ra6 Bd4 38. Kg2 Rb2 39. Bc2 Nxg4 40. Rg3 h5 41. Qxe4 Rxc2 42. Qxc2 h4 43. Rxg4 Qxg4+ 44. Kf1 h3 45. Ke1 0-1

[Event "Turkish Second League 2019"]
[Site "Konya"]
[Date "2019.07.27"]
[Round "8"]
[White "Ozbek, Busra"]
[Black "Kaygisiz, Ilayda"]
[Result "1-0"]
[ECO "D03"]
[WhiteElo "1866"]
[BlackElo "1775"]
[Annotator "NA"]
[PlyCount "127"]
[EventDate "2019.07.22"]
[EventType "team-tourn"]
[EventCountry "TUR"]
[SourceTitle "playchess.com"]
[Source "ChessBase"]
[SourceQuality "1"]
[TimeControl "5400+30"]

1. d4 Nf6 2. Nf3 g6 3. Bg5 Bg7 4. Nbd2 d5 5. c3 O-O 6. e3 c5 7. Be2 Qb6 8. Qb3 Nc6 9. O-O Rd8 10. h3 Bf5 11. a4 Ne4 12. Bf4 Nxd2 13. Nxd2 e5 14. dxe5 Nxe5 15. Bxe5 Bxe5 16. g4 Bc8 17. Qxb6 axb6 18. Nf3 Bg7 19. Rfd1 f5 20. Ne1 Be6 21. Rd2 c4 22. Nc2 Bf6 23. Kg2 Ra5 24. Bf3 b5 25. axb5 Rxb5 26. Na3 Ra5 27. Nc2 Rxa1 28. Nxa1 Ra8 29. Nc2 Ra2 30. Nd4 Bxd4 31. exd4 Kf7 32. gxf5 gxf5 33. Re2 Kf6 34. Kg3 Bf7 35. Kf4 Ra5 36. Kg3 Ra2 37. Kf4 Ra5 38. h4 h6 39. Re5 Be6 40. Bh5 Rb5 41. Re2 Rb3 42. f3 Bg8 43. Be8 Rb6 44. Rg2 Bh7 45. h5 Ra6 46. Bg6 Bg8 47. Bxf5 Bf7 48. Bg6 Be6 49. Re2 Rb6 50. Kg3 Ra6 51. f4 Bd7 52. f5 Ra2 53. Kf4 Ra1 54. Re5 Rf1+ 55. Kg4 Rg1+ 56. Kh4 Rh1+ 57. Kg3 Bc6 58. Re6+ Kg7 59. f6+ Kf8 60. Rd6 Re1 61. Rd8+ Be8 62. f7 Re3+ 63. Kf2 Re7 64. Rxe8+ 1-0

[Event "Turkish Second League 2019"]
[Site "Konya"]
[Date "2019.07.27"]
[Round "8"]
[White "Ilkimen, Mehmet Emre"]
[Black "Can, Furkan"]
[Result "0-1"]
[ECO "B12"]
[WhiteElo "1863"]
[BlackElo "1900"]
[Annotator "NA"]
[PlyCount "136"]
[EventDate "2019.07.22"]
[EventType "team-tourn"]
[EventCountry "TUR"]
[SourceTitle "playchess.com"]
[Source "ChessBase"]
[SourceQuality "1"]
[TimeControl "5400+30"]

1. e4 c6 2. d4 d5 3. e5 c5 4. c3 Nc6 5. Na3 cxd4 6. cxd4 Qb6 7. Nc2 Bf5 8. Bd3 Bxd3 9. Qxd3 e6 10. Ne2 Nb4 11. Nxb4 Bxb4+ 12. Bd2 Bxd2+ 13. Qxd2 Ne7 14. O-O O-O 15. Rfc1 Rac8 16. Rxc8 Rxc8 17. Rc1 Rxc1+ 18. Qxc1 Nc6 19. Qd2 h6 20. g4 Qd8 21. h3 Qh4 22. Kg2 h5 23. f3 hxg4 24. hxg4 Qd8 25. Ng3 Qb6 26. Ne2 Qa6 27. a3 Qc4 28. Kf2 Qb3 29. Nf4 Qc4 30. Ne2 Qa4 31. Qc3 Qd1 32. b4 Qa4 33. f4 a5 34. bxa5 Qxa5 35. Ke3 Qa4 36. Kf2 Qc4 37. Qe3 Qc2 38. Kf3 b5 39. Ng3 Qd1+ 40. Ne2 Na5 41. Qc1 Qxc1 42. Nxc1 Nc4 43. Ke2 Nxa3 44. Kd3 b4 45. Kd2 g5 46. fxg5 Kg7 47. Nd3 b3 48. Kc3 Nb5+ 49. Kxb3 Nxd4+ 50. Kc3 Nf3 51. Nf4 Nxe5 52. g6 Nxg6 53. Nh5+ Kh6 54. Kd4 Kg5 55. Ke3 Kxg4 56. Nf6+ Kf5 57. Nd7 e5 58. Nc5 d4+ 59. Kf3 Nf4 60. Ne4 Ke6 61. Ng5+ Kf5 62. Nxf7 e4+ 63. Kf2 e3+ 64. Kf3 e2 65. Nd6+ Ke6 66. Kf2 Kxd6 67. Ke1 d3 68. Kd2 Ng2 0-1

[Event "Turkish Second League 2019"]
[Site "Konya"]
[Date "2019.07.27"]
[Round "8"]
[White "Ozcan, Kadir Kutay"]
[Black "Boz, Fatih Emre"]
[Result "1-0"]
[ECO "B76"]
[WhiteElo "1832"]
[BlackElo "1854"]
[Annotator "NA"]
[PlyCount "45"]
[EventDate "2019.07.22"]
[EventType "team-tourn"]
[EventCountry "TUR"]
[SourceTitle "playchess.com"]
[Source "ChessBase"]
[SourceQuality "1"]
[TimeControl "5400+30"]

1. e4 c5 2. Nf3 d6 3. d4 cxd4 4. Nxd4 Nf6 5. Nc3 g6 6. Be3 Bg7 7. f3 O-O 8. Qd2 Nc6 9. O-O-O d5 10. Qe1 e5 11. Nxc6 bxc6 12. exd5 Nxd5 13. Bc4 Be6 14. h4 f5 15. h5 f4 16. Bc5 Re8 17. hxg6 hxg6 18. Qe4 Qa5 19. Nxd5 cxd5 20. Bxd5 Rac8 21. Qxg6 Bxd5 22. Rxd5 Qc7 23. Qh7+ 1-0